[Event "*** Titled Tuesday Blitz"]
[Site "Chess.com"]
[Date "2021.04.06"]
[Round "10"]
[White "Rodchenkov_Vitalij"]
[Black "DKmirl"]
[Result "1-0"]
[WhiteElo "2130"]
[BlackElo "1926"]
[TimeControl "180+1"]
[EndTime "11:55:55 PDT"]
[Termination "Rodchenkov_Vitalij won on time"]

1. Nf3 d5 2. d4 Nf6 3. c4 c6 4. e3 g6 5. Nc3 Bg7 6. b4 O-O 7.
Bd3 a5 8. b5 dxc4 9. Bxc4 cxb5 10. Nxb5 Bd7 11. O-O Nc6 12. Bd3 Nb4 13. Ba3 Nfd5 14.
Qb3 Nxd3 15. Qxd3 Nb4 16. Bxb4 axb4 17. a4 Qb6 18. Qc4 Rfc8 19. Qxb4 Bxb5 20. axb5 e6 21. h3 Bf8 22. Qb3 Ra5 23. Rxa5 Qxa5 24. Ne5 Rc3 25. Qb2 Ba3 26. Qb1 Bb4 27. Rc1 Rxc1+ 28. Qxc1 Qxb5 29.
Qc8+ Kg7 30. Qc7 Ba5 31. Qxf7+ Kh6 32. Qf8+ Kh5 33. g4+ Kg5 34. Qf4+ 1-0

[Event "*** Titled Tuesday Blitz"]
[Site "Chess.com"]
[Date "2021.04.06"]
[Round "10"]
[White "davigator"]
[Black "elextranjero00"]
[Result "1-0"]
[WhiteElo "2386"]
[BlackElo "2552"]
[TimeControl "180+1"]
[EndTime "11:55:58 PDT"]
[Termination "davigator won on time"]

1. e4 c5 2. Nf3 e6 3. d4 cxd4 4. Nxd4 a6 5. Bd3 Bc5 6. Nb3 Be7 7. c4 d6 8. Nc3 Nf6 9. O-O O-O 10. Be3 Nbd7 11. Qe2 b6 12. Rac1 Bb7 13. f3 Qc7 14. Nd4 Rfe8 15. Rfd1 Rac8 16. Qf2 Qb8 17. Kh1 Ne5 18.
b3 Nfd7 19. Be2 h5 20. Nc2 Ba8 21. a4 Ng6 22. b4 h4 23. Rb1 h3 24. gxh3 Nde5 25.
Na3 Bh4 26. Qg2 Bf6 27. Rdc1 Nh4 28. Qf2 d5 29. cxd5 exd5 30. Nxd5 Bxd5 31. exd5 Rxc1+ 32. Rxc1 Qd6 33. Nc4 Nxc4 34. Bxc4 Qxb4 35. Bxb6 Bg5 36. Bc5 Qxa4 37. Rc2 Qa1+ 38. Bf1 Qe5 39. d6 Qd5 40. Rd2 Rd8 41. Rxd5 1-0

[Event "*** Titled Tuesday Blitz"]
[Site "Chess.com"]
[Date "2021.04.06"]
[Round "10"]
[White "alejogarcia1999"]
[Black "kai_nov"]
[Result "1-0"]
[WhiteElo "2423"]
[BlackElo "2284"]
[TimeControl "180+1"]
[EndTime "11:55:58 PDT"]
[Termination "alejogarcia1999 won on time"]

1. d4 d5 2. c4 e6 3. Nc3 c6 4. e3 Nf6 5. Nf3 Nbd7 6. Bd3 dxc4 7. Bxc4 b5 8. Bd3 Bb7 9. a3 a6 10. b4 a5 11. Rb1 Bd6 12. O-O O-O 13. e4 e5 14. d5 cxd5 15. Nxb5 Bb8 16. Nc3 axb4 17. Rxb4 Nc5 18. Nxd5 Nxd5 19. exd5 Bxd5 20. Bxh7+ Kxh7 21. Ng5+ Kg6 22. Qc2+ f5 23. Qxc5 Ba7 24. Qc3 Qd6 25. Qg3 f4 26. Qg4 Kf6 27. Rd1 Qc5 28. Rb2 Rh8 29. Rbd2 Rad8 30. Bb2 1-0

[Event "*** Titled Tuesday Blitz"]
[Site "Chess.com"]
[Date "2021.04.06"]
[Round "10"]
[White "DonBroca"]
[Black "dhaessel"]
[Result "1-0"]
[WhiteElo "2213"]
[BlackElo "2076"]
[TimeControl "180+1"]
[EndTime "11:55:59 PDT"]
[Termination "DonBroca won by resignation"]

1. e4 e5 2. Nf3 Nc6 3. Bb5 Nf6 4. O-O Nxe4 5. Re1 Nd6 6. Nxe5 Be7 7. Bf1 Nxe5 8. Rxe5 O-O 9. d4 Ne8 10. c4 d6 11. Re1 Nf6 12. g3 d5 13. c5 c6 14.
Nc3 Bf5 15. Bg2 Re8 16. Bf4 Bf8 17. Qd2 g6 18. Rxe8 Qxe8 19. Re1 Qd7 20. Be5 Bg7 21. h4 Re8 22. a3 b6 23. b4 Ng4 24. Bxg7 Kxg7 25.
Rxe8 Qxe8 26. Qe2 Qxe2 27. Nxe2 bxc5 28. bxc5 Bd3 29. Nf4 Bb5 30. Bh3 Nf6 31. f3 h6 32.
Bf1 Bxf1 33. Kxf1 Ne8 34. Nd3 Nc7 35. Ne5 Nb5 36. Nxc6 Kf6 37. a4 Nc3 38. Nxa7 Nxa4 39.
c6 Nb6 40. c7 1-0

[Event "*** Titled Tuesday Blitz"]
[Site "Chess.com"]
[Date "2021.04.06"]
[Round "10"]
[White "Witik"]
[Black "Alexander_Zubov"]
[Result "0-1"]
[WhiteElo "2732"]
[BlackElo "2979"]
[TimeControl "180+1"]
[EndTime "11:56:00 PDT"]
[Termination "Alexander_Zubov won on time"]

1. d4 Nf6 2. c4 e6 3. Nf3 b6 4. a3 Bb7 5. Nc3 d5 6. cxd5 Nxd5 7. Qc2 Nxc3 8. Qxc3 Bd6 9. Bg5 f6 10. Bh4 O-O 11. e3 Kh8 12. Be2 Nd7 13. O-O Qe7 14. b4 e5 15. Bg3 a6 16. Rac1 a5 17. Rb1 axb4 18. axb4 Ra2 19. Bc4 Ra4 20. dxe5 fxe5 21. Bh4 Nf6 22. Ng5 h6 23. Ne6 Rc8 24. f4 Bxb4 25.
Qxe5 Bd6 26. Qc3 Ra3 27. Qe1 Bc5 28. Rb3 Ra4 29. Rc3 Rxc4 30. Rxc4 Qxe6 31. Rc3 Bb4 0-1

[Event "*** Titled Tuesday Blitz"]
[Site "Chess.com"]
[Date "2021.04.06"]
[Round "10"]
[White "Spencenzug"]
[Black "ffbp3q"]
[Result "0-1"]
[WhiteElo "2262"]
[BlackElo "2380"]
[TimeControl "180+1"]
[EndTime "11:56:01 PDT"]
[Termination "ffbp3q won on time"]

1. e4 c5 2. Nf3 d6 3. d4 cxd4 4. Nxd4 Nf6 5. Nc3 a6 6. Be2 e5 7. Nb3 Be7 8. O-O O-O 9. Be3 b5 10. a4 b4 11. Nd5 Nbd7 12. Nxb4 Bb7 13. f3 Nb6 14. a5 Nbd7 15. Bc4 Qc7 16. Bd5 Nxd5 17.
Nxd5 Bxd5 18. exd5 Rac8 19. c3 f5 20. Qd3 Qb7 21. Ra3 Rb8 22. Rd1 g6 23. c4 Rfc8 24. c5 dxc5 25. d6 Bf6 26. Qc4+ Kg7 27. Bxc5 Qc6 28. Rc1 Rb5 29. Qe6 Nxc5 30. Nxc5 Rxc5 31. Rac3 Re8 0-1

[Event "*** Titled Tuesday Blitz"]
[Site "Chess.com"]
[Date "2021.04.06"]
[Round "10"]
[White "Larciano"]
[Black "campomania3"]
[Result "1-0"]
[WhiteElo "1993"]
[BlackElo "2177"]
[TimeControl "180+1"]
[EndTime "11:56:01 PDT"]
[Termination "Larciano won on time"]

1. e4 d5 2. exd5 Nf6 3. Nc3 Nxd5 4. d4 Nc6 5. Nf3 Bg4 6. Be3 e6 7. Bd3 Be7 8. O-O O-O 9. h3 Bh5 10. a3 a6 11. Re1 b5 12. Ne4 Bg6 13. Ng3 Bf6 14.
c3 Nxe3 15. Rxe3 Ne7 16. Bxg6 hxg6 17. Ne5 Qd5 18. Qe1 Rfd8 19. Re2 c5 20. dxc5 Qxc5 21. Nf3 Nd5 22. Rd1 Nf4 23. Red2 Qc6 24. Ne4 Rxd2 25.
Rxd2 Nd5 26. Qd1 a5 27. Nd4 Bxd4 28. Rxd4 Rc8 29. Qd2 f5 30. Ng3 b4 31. axb4 axb4 32. c4 Nf6 33. b3 e5 34. Rd6 Qc5 35. Nf1 Ne4 36. Qd5+ Qxd5 37. Rxd5 Ra8 38. Rb5 Ra1 39.
Rd5 Nc3 40. Rd8+ Kh7 41. f3 Ne2+ 42. Kf2 Nf4 43. g3 Ne6 44. Rb8 1-0

[Event "*** Titled Tuesday Blitz"]
[Site "Chess.com"]
[Date "2021.04.06"]
[Round "10"]
[White "Skatchkov_V"]
[Black "erdni1993"]
[Result "1-0"]
[WhiteElo "2609"]
[BlackElo "2493"]
[TimeControl "180+1"]
[EndTime "11:56:02 PDT"]
[Termination "Skatchkov_V won by resignation"]

1. e4 c5 2. Nc3 e6 3. g3 b6 4. Bg2 Bb7 5. d3 d6 6. Nge2 Nd7 7. O-O Ngf6 8. f4 Qc7 9. h3 a6 10.
Be3 Be7 11. Qe1 d5 12. exd5 Nxd5 13. Nxd5 Bxd5 14. Qf2 Nf6 15. Nc3 Bxg2 16. Qxg2 O-O 17. Rae1 b5 18. f5 b4 19. Ne4 e5 20. g4 Nd5 21. g5 f6 22. h4 Rad8 23. b3 Nc3 24. Nxc3 bxc3 25. Qe4 Rd6 26. Re2 Qc6 27. Qc4+ Rd5 28.
Rg2 Kh8 29. Qxc3 e4 30. dxe4 Re5 31. g6 Qxe4 32. Bh6 Rxf5 33. Re1 Qxh4 34. Bxg7+ Kxg7 35. Rxe7+ Kg8 36. gxh7+ Kh8 37. Reg7 Qh6 38. Rg8+ Kxh7 39.
R8g7+ Qxg7 40. Qh3+ Qh6 41. Qxf5+ Kh8 42. Rh2 Rg8+ 43.
Kh1 Rg6 44. Qxg6 1-0

[Event "*** Titled Tuesday Blitz"]
[Site "Chess.com"]
[Date "2021.04.06"]
[Round "10"]
[White "Tpros"]
[Black "The_filthy"]
[Result "1-0"]
[WhiteElo "2514"]
[BlackElo "2382"]
[TimeControl "180+1"]
[EndTime "11:56:03 PDT"]
[Termination "Tpros won by checkmate"]

1. c4 c6 2. e3 Nf6 3. Nf3 g6 4. b3 Bg7 5. Bb2 O-O 6. d3 d5 7. Nbd2 Nbd7 8. h3 Re8 9. Ne5 Nxe5 10. Bxe5 Nh5 11. Bxg7 Nxg7 12. Be2 e5 13. O-O d4 14.
e4 c5 15. a3 f5 16. b4 b6 17. Bf3 f4 18. Nb3 Qd6 19. Qd2 h5 20. bxc5 bxc5 21.
Qa5 Ne6 22. Rfb1 Bd7 23. Rb2 Rec8 24. Rab1 Ng5 25. Nd2 Nf7 26. Bd1 Nd8 27. Ba4 Nc6 28. Qa6 Qc7 29. Rb7 Qd8 30. Nb3 Nb8 31. Qxg6+ Kf8 32. Qh6+ Ke7 33. Qg5+ Kd6 34. Qh6+ Be6 35. Qxh5 Nc6 36. Qh7 Rab8 37. Bxc6 Rxc6 38. Na5 Rxb7 39. Nxb7# 1-0

[Event "*** Titled Tuesday Blitz"]
[Site "Chess.com"]
[Date "2021.04.06"]
[Round "10"]
[White "Nachsueb"]
[Black "Maddie"]
[Result "0-1"]
[WhiteElo "2179"]
[BlackElo "2075"]
[TimeControl "180+1"]
[EndTime "11:56:04 PDT"]
[Termination "Maddie won by resignation"]

1. d4 d5 2. c4 c6 3. Nc3 Nf6 4. Nf3 e6 5. Bg5 Be7 6. e3 O-O 7. Rc1 h6 8. Bh4 Nbd7 9. Bd3 dxc4 10.
Bxc4 Nb6 11. Bd3 Nbd5 12. O-O Nxc3 13. bxc3 Nd5 14. Bg3 Qa5 15. Qc2 c5 16. e4 Nf6 17. e5 Nd5 18. Nd2 cxd4 19. Nb3 Qxc3 20. Qe2 Qb4 21. Qe4 g6 22. Nxd4 Bc5 23. Nxe6 Qxe4 24.
Bxe4 Bxe6 25. Rxc5 Rad8 26. Rb1 b6 27. Rcc1 Rc8 28. h3 Nc3 29. Bb7 Rc7 30. Bf3 Rfc8 31. Rb4 Ne2+ 32. Bxe2 Rxc1+ 33. Kh2 Bxa2 34. Ra4 R1c2 35.
Bg4 Be6 36. Bf3 R8c7 37. Be4 R2c4 38. Rxc4 Rxc4 39. f3 a5 40. Be1 a4 41. Bd3 Rd4 42. Bb5 a3 43. Bc3 Rd1 44. Be2 Rc1 45. Bd4 a2 0-1

[Event "*** Titled Tuesday Blitz"]
[Site "Chess.com"]
[Date "2021.04.06"]
[Round "10"]
[White "kleopl"]
[Black "oogee"]
[Result "1-0"]
[WhiteElo "2555"]
[BlackElo "2391"]
[TimeControl "180+1"]
[EndTime "11:56:05 PDT"]
[Termination "kleopl won by resignation"]

1. c4 e5 2. Nc3 Nc6 3. Nf3 f5 4. g3 Nf6 5. d4 e4 6. Nh4 Bb4 7.
Nxf5 O-O 8. Ne3 d5 9. cxd5 Nxd5 10. Nxd5 Qxd5 11. e3 Kh8 12. Bg2 Qc4 13. Bxe4 Bg4 14. Qd3 Qf7 15. O-O Rad8 16. Qb5 Bf3 17. Bxc6 Bxc6 18.
Qxb4 Qf3 19. e4 Rf5 20. d5 Rdxd5 21. exd5 Rxd5 22. Qe4 Qf7 23. Bf4 Rd8 24. Qe2 Re8 25. Qg4 Qc4 26. Rfe1 Rf8 27. Qe2 Qc5 28. Qe7 Qf5 29.
Re5 Qc8 30. Rae1 h6 31. Re6 Re8 32. Qxe8+ Bxe8 33. Rxe8+ Qxe8 34. Rxe8+ Kh7 35. Re7 Kg6 36. Rxc7 1-0

[Event "*** Titled Tuesday Blitz"]
[Site "Chess.com"]
[Date "2021.04.06"]
[Round "10"]
[White "muchojogo"]
[Black "Anton_Demchenko"]
[Result "1-0"]
[WhiteElo "2466"]
[BlackElo "2820"]
[TimeControl "180+1"]
[EndTime "11:56:05 PDT"]
[Termination "muchojogo won by resignation"]

1. d4 Nf6 2. Bf4 d5 3. e3 c5 4. c3 Nc6 5. Nd2 Bf5 6. Qb3 Qc8 7. Ngf3 e6 8. Nh4 Bg4 9. h3 Bh5 10. g4 Bg6 11. Nxg6 hxg6 12. Bg2 Be7 13. O-O Nd7 14. Bg3 Bd8 15. e4 c4 16. Qc2 Nb6 17. exd5 exd5 18. Rae1+ Kf8 19. Bd6+ Kg8 20. Bc5 Qd7 21.
Nf3 Bc7 22. Re2 Nc8 23. Rfe1 Nb6 24. Ng5 Bf4 25. Re7 Nxe7 26. Rxe7 Qc6 27. Nxf7 Rh4 28. Ne5 Bxe5 29. Rxe5 Kh8 30. Bxb6 axb6 31. Bxd5 Qf6 32. Bg2 Rf8 33. Qe2 Rh6 34. g5 Qf4 35. gxh6 Qxh6 36. Qe3 Rf4 37. Re4 Rxe4 38. Qxh6+ 1-0

[Event "*** Titled Tuesday Blitz"]
[Site "Chess.com"]
[Date "2021.04.06"]
[Round "10"]
[White "MPGM"]
[Black "onnoelgersma"]
[Result "1-0"]
[WhiteElo "2561"]
[BlackElo "2420"]
[TimeControl "180+1"]
[EndTime "11:56:05 PDT"]
[Termination "MPGM won by resignation"]

1. d4 d5 2. c4 e6 3. Nc3 Nf6 4. cxd5 exd5 5. Bg5 c6 6. e3 Bd6 7. Bd3 O-O 8. Nge2 h6 9. Bh4 Re8 10. h3 a5 11. O-O Na6 12. Qd2 Nc7 13. Rad1 Ne6 14. f3 Bb8 15. Bb1 Ng5 16. Qd3 b5 17. e4 b4 18. e5 Ba6 19. Qc2 bxc3 20. Rfe1 g6 21. Nxc3 Nh5 22. Qf2 Nf4 23. Qg3 Nh5 24.
Qf2 Ra7 25. f4 Kg7 26. Kh1 Rb7 27. Qe3 Ne6 28. Bxd8 Rxd8 29. f5 gxf5 30. Bxf5 Ng5 31. g4 1-0

[Event "*** Titled Tuesday Blitz"]
[Site "Chess.com"]
[Date "2021.04.06"]
[Round "10"]
[White "Trickov"]
[Black "politeplayer"]
[Result "1/2-1/2"]
[WhiteElo "2392"]
[BlackElo "2271"]
[TimeControl "180+1"]
[EndTime "11:56:05 PDT"]
[Termination "Game drawn by repetition"]

1. d4 d5 2. Nf3 Nf6 3. c4 e6 4. g3 c5 5. Bg2 Nc6 6. O-O Be7 7.
cxd5 exd5 8. Nc3 O-O 9. Bg5 c4 10. Ne5 Be6 11. f4 h6 12. Bxf6 Bxf6 13. e3 Bxe5 14. fxe5 Qd7 15. Rf4 b5 16. a3 a5 17. e4 dxe4 18. d5 Nxe5 19. dxe6 Qxe6 20. Rxe4 Rad8 21. Qe2 Qb6+ 22. Kh1 Nd3 23. Rf1 b4 24. axb4 axb4 25. Nd1 Qc5 26. Ne3 Rfe8 27. Nd5 Rxe4 28. Qxe4 Nf2+ 29. Rxf2 Qxf2 30. h4 Qxg3 31. Qxc4 b3 32.
Qc3 Qxh4+ 33. Kg1 Qg5 34. Qxb3 h5 35. Qf3 Qc1+ 36. Kh2 Qxb2 37. Ne7+ Kf8 38. Ng6+ Kg8 39. Ne7+ Kf8 40. Ng6+ Kg8 41. Ne7+ 1/2-1/2

[Event "*** Titled Tuesday Blitz"]
[Site "Chess.com"]
[Date "2021.04.06"]
[Round "10"]
[White "Tekushka"]
[Black "rachidhuilda"]
[Result "0-1"]
[WhiteElo "2391"]
[BlackElo "2286"]
[TimeControl "180+1"]
[EndTime "11:56:06 PDT"]
[Termination "rachidhuilda won on time"]

1. e4 d5 2. exd5 Qxd5 3. Nf3 Bg4 4. Be2 Nc6 5. h3 Bxf3 6. Bxf3 Qe5+ 7. Qe2 Qxe2+ 8. Bxe2 Nd4 9. Bd1 O-O-O 10. c3 Nc6 11. Bb3 Ne5 12. Ke2 e6 13. d4 Ng6 14. Be3 Bd6 15. Nd2 Nf4+ 16. Kf1 Ne7 17. Ne4 Nfd5 18. Nxd6+ cxd6 19. Bd2 Nc6 20. Ke2 Nb6 21. Kd3 d5 22.
Rae1 Kd7 23. Bc1 Rc8 24. f4 g6 25. g4 h5 26. Bd1 hxg4 27. hxg4 Nc4 28. Bf3 Nd6 29. b3 f5 30. g5 Ne4 31. Bxe4 fxe4+ 32. Ke3 Ne7 33. Bd2 Nf5+ 34. Kf2 b5 35. Ra1 b4 36. Rac1 bxc3 37. Rxh8 cxd2 38. Rhxc8 dxc1=Q 39. Rxc1 Nxd4 0-1

[Event "*** Titled Tuesday Blitz"]
[Site "Chess.com"]
[Date "2021.04.06"]
[Round "10"]
[White "aaaao"]
[Black "kinga2008"]
[Result "1-0"]
[WhiteElo "2582"]
[BlackElo "2261"]
[TimeControl "180+1"]
[EndTime "11:56:07 PDT"]
[Termination "aaaao won by resignation"]

1. e4 g6 2. Nf3 Bg7 3. Bc4 e6 4. O-O Ne7 5. Bb3 O-O 6. d4 d5 7. e5 c5 8. c3 Nf5 9. Bc2 cxd4 10. cxd4 Nc6 11. Nc3 Bd7 12. Bg5 Qb6 13. Bxf5 gxf5 14. Qd2 f6 15. exf6 Bxf6 16. Rad1 Qd8 17. Rfe1 Kh8 18. Qf4 Rg8 19. h4 Bxg5 20. Nxg5 Qf6 21.
Qd6 h6 22. Qxd7 hxg5 23. Rxe6 Qg7 24. Qd6 Kh7 25. Nxd5 Rad8 26. Nf6+ Kh8 27. Nd7 Kh7 28. Qh2 g4 29. Nf6+ Kh8 30. Nxg8 Rxg8 31. Qf4 Rf8 32. d5 Nd8 33. Rh6+ Kg8 34. d6 Nf7 35. Re6 Nd8 36. Re7 Qf6 37. Rde1 Qf7 38. Rxf7 1-0

[Event "*** Titled Tuesday Blitz"]
[Site "Chess.com"]
[Date "2021.04.06"]
[Round "10"]
[White "Nozdrachev_Leonid"]
[Black "CrushingKings"]
[Result "1/2-1/2"]
[WhiteElo "2569"]
[BlackElo "2480"]
[TimeControl "180+1"]
[EndTime "11:56:09 PDT"]
[Termination "Game drawn by repetition"]

1. e4 c5 2. c3 Nf6 3. e5 Nd5 4.
d4 e6 5. Nf3 cxd4 6. cxd4 b6 7.
Bc4 Ba6 8. Bxa6 Nxa6 9. O-O Nab4 10. Nc3 Rc8 11. Bd2 d6 12. a3 Nxc3 13. bxc3 Nd5 14. Qb3 dxe5 15. Nxe5 Bd6 16. Qa4+ Kf8 17. Qxa7 Bxe5 18.
dxe5 h5 19. c4 Rxc4 20. Rfc1 Rxc1+ 21. Rxc1 Kg8 22. Qb7 Qh4 23. Rc8+ Kh7 24. Rxh8+ Kxh8 25. Qxf7 Qg4 26. Qf3 Qxf3 27. gxf3 Kh7 28. a4 Kg6 29. f4 Kf5 30. Be3 Nc3 31. Bxb6 Nxa4 32. Be3 Nc3 33. Kg2 Ke4 34. Kg3 g6 35. Kh4 Kf5 36. Kg3 Ke4 37.
Kh4 Kf5 38. Kg3 Ne4+ 39. Kf3 Nc3 40. Kg3 1/2-1/2

[Event "*** Titled Tuesday Blitz"]
[Site "Chess.com"]
[Date "2021.04.06"]
[Round "10"]
[White "Firouzja2003"]
[Black "Hikaru"]
[Result "1/2-1/2"]
[WhiteElo "3150"]
[BlackElo "3235"]
[TimeControl "180+1"]
[EndTime "11:56:10 PDT"]
[Termination "Game drawn by agreement"]

1. d4 Nf6 2. Bg5 c5 3. d5 Qb6 4.
Nc3 d6 5. e4 g6 6. Bd3 Bg7 7.
Nge2 Nbd7 8. O-O Ne5 9. Bb5+ Bd7 10. a4 a6 11. a5 Qc7 12. Bxd7+ Nexd7 13. Qd2 O-O 14. Bh6 Rab8 15. Bxg7 Kxg7 16. b3 b5 17. axb6 Rxb6 18. Ng3 c4 19. b4 Rxb4 20. Rxa6 Rfb8 21. h4 h5 22. Nge2 R4b6 23. Ra4 Rb4 24. Rxb4 Rxb4 25. Nd4 Ne5 26. f3 Qc5 27. Kh2 Rb7 28. Ra1 Rb8 29. Nce2 Qb4 30. Qxb4 Rxb4 31. Ra7 Kf8 32. Nc6 Rb2 33.
Ned4 Ng8 34. Kg3 c3 35. Ra3 Nd7 36. Rxc3 Ra2 37. Rb3 Ra8 38. Rb7 Nc5 39. Rc7 Na6 40. Ra7 Rxa7 41. Nxa7 Nf6 42. Nab5 Nd7 43. Nb3 Nb4 44. c4 Nd3 45. N5d4 Nb6 46. Nd2 Nb2 47. Nc6 N6xc4 48. Nxc4 Nxc4 1/2-1/2

[Event "*** Titled Tuesday Blitz"]
[Site "Chess.com"]
[Date "2021.04.06"]
[Round "10"]
[White "Natalya_Buksa"]
[Black "Forantes"]
[Result "0-1"]
[WhiteElo "2487"]
[BlackElo "2367"]
[TimeControl "180+1"]
[EndTime "11:56:10 PDT"]
[Termination "Forantes won by checkmate"]

1. d4 Nf6 2. Nc3 d5 3. Bf4 g6 4. e3 Bg7 5. h4 h5 6. Nf3 O-O 7. Be2 c5 8. Ne5 Nc6 9. Qd2 Nd7 10. Nxd7 Qxd7 11. dxc5 e5 12. Bg3 d4 13. exd4 exd4 14. Nb5 Qd5 15. Nc7 Qxg2 16. O-O-O Rb8 17. Rdg1 Qe4 18.
Bd3 Qf3 19. Be2 Qf5 20. Bd6 Rd8 21. Bd3 Qf3 22. Re1 Bf5 23. Nb5 Rbc8 24. Rhg1 a6 25.
Bxf5 Qxf5 26. Na3 Qf6 27. Nc4 b5 28. cxb6 Rxd6 29. b7 Rb8 30. Nxd6 Qxd6 31. Re4 Rxb7 32.
Rge1 Nb4 33. a3 Nxc2 34. Kxc2 d3+ 35. Kd1 Rxb2 36. Qc1 d2 37. Re8+ Kh7 38. Qxb2 dxe1=Q+ 39. Kxe1 Bxb2 40. Kf1 Qd1+ 41. Kg2 Qg4+ 42. Kf1 Qxh4 43.
Re3 Bd4 44. Rg3 Qf4 45. Rd3 Qxf2# 0-1

[Event "*** Titled Tuesday Blitz"]
[Site "Chess.com"]
[Date "2021.04.06"]
[Round "10"]
[White "VitaRasik"]
[Black "Dyadya81"]
[Result "0-1"]
[WhiteElo "2608"]
[BlackElo "2724"]
[TimeControl "180+1"]
[EndTime "11:56:12 PDT"]
[Termination "Dyadya81 won on time"]

1. e4 c6 2. c4 e5 3. Nf3 d6 4. Nc3 Nf6 5. d4 Nbd7 6. Be2 g6 7. O-O Bg7 8. d5 c5 9. Nb5 Nb8 10. Bd3 O-O 11. Bg5 h6 12. Bd2 a6 13. Nc3 Nh5 14. Re1 Nd7 15. a3 Nf4 16. Bf1 Nf6 17. b4 b6 18. Rb1 N6h5 19. a4 Bg4 20. h3 Bd7 21. a5 cxb4 22. Rxb4 bxa5 23. Rb1 Rc8 24. Na4 f5 25. Nb6 fxe4 26. Nxd7 exf3 27. Nxf8 fxg2 28. Bxg2 Qxf8 29. Rc1 Nd3 30. Qe2 Nxc1 31. Rxc1 Nf4 32. Qe4 a4 33. c5 dxc5 34. d6 Qxd6 35. Bxf4 exf4 36. Qxa4 Bd4 37. Qc4+ Kg7 38. Rb1 Rc7 39. Rb8 Rf7 40. Re8 f3 41. Bf1 Qg3+ 42. Kh1 Qxf2 0-1

[Event "*** Titled Tuesday Blitz"]
[Site "Chess.com"]
[Date "2021.04.06"]
[Round "10"]
[White "RD4ever"]
[Black "mishanick"]
[Result "0-1"]
[WhiteElo "2889"]
[BlackElo "2953"]
[TimeControl "180+1"]
[EndTime "11:56:13 PDT"]
[Termination "mishanick won by resignation"]

1. d4 Nf6 2. c4 e6 3. Nc3 d5 4.
Bg5 Nbd7 5. cxd5 exd5 6. e3 h6 7. Bh4 c6 8. Bd3 Be7 9. Nge2 O-O 10. O-O Re8 11. f3 Nf8 12. Qc2 c5 13. Rad1 c4 14. Bf5 Bxf5 15. Qxf5 Qd7 16. Qc2 Ne6 17. Bf2 b5 18. e4 b4 19. e5 bxc3 20. exf6 Bxf6 21.
bxc3 Rab8 22. Rb1 Rb6 23. Bg3 h5 24. h3 h4 25. Bh2 Bg5 26. a4 Nd8 27. Kh1 Rbe6 28.
Ng1 Be3 29. Ne2 Nc6 30. Rb5 a6 31. Rb6 Nxd4 32. cxd4 Rxb6 33. Bf4 Rb3 34. Bh2 Rd3 35. Nc3 Bxd4 0-1

[Event "*** Titled Tuesday Blitz"]
[Site "Chess.com"]
[Date "2021.04.06"]
[Round "10"]
[White "KafkaesqueKnight"]
[Black "GMaka"]
[Result "0-1"]
[WhiteElo "2284"]
[BlackElo "2465"]
[TimeControl "180+1"]
[EndTime "11:56:13 PDT"]
[Termination "GMaka won on time"]

1. d4 d5 2. c4 e6 3. Nc3 Bb4 4. Nf3 Nf6 5. Qb3 a5 6. Bg5 c6 7. e3 h6 8. Bh4 g5 9. Bg3 Ne4 10.
Bd3 Nxg3 11. hxg3 Nd7 12. a3 Be7 13. e4 g4 14. Nd2 Bg5 15. Rd1 Qb6 16. Qxb6 Nxb6 17.
c5 Nd7 18. exd5 exd5 19. O-O O-O 20. Rfe1 Nf6 21. Ne2 Bd7 22. Nb1 Rfe8 23. Nbc3 Re7 24. Nf4 Rae8 25. Kf1 Bxf4 26. gxf4 h5 27. g3 Ne4 28. Nxe4 dxe4 29. Be2 Be6 30. b4 axb4 31. axb4 e3 32. Bd3 Bd5 33. Rxe3 Rxe3 34. fxe3 Rxe3 35.
Bf5 Rf3+ 36. Ke2 Rxg3 37. Bc8 Rb3 0-1

[Event "*** Titled Tuesday Blitz"]
[Site "Chess.com"]
[Date "2021.04.06"]
[Round "10"]
[White "Kale36"]
[Black "PushingpawnsNYC"]
[Result "1-0"]
[WhiteElo "2400"]
[BlackElo "2293"]
[TimeControl "180+1"]
[EndTime "11:56:13 PDT"]
[Termination "Kale36 won by checkmate"]

1. d4 Nf6 2. Nc3 g6 3. Bg5 Bg7 4. e4 d6 5. f4 c6 6. Nf3 h6 7.
Bh4 b5 8. Bd3 b4 9. Ne2 a5 10.
O-O Qb6 11. c4 bxc3 12. bxc3 Ba6 13. Rb1 Qa7 14. e5 dxe5 15. fxe5 Nd5 16. Bf2 Qc7 17. a3 O-O 18. c4 Nb6 19. Qc2 N8d7 20. c5 Nd5 21.
Bxa6 Rxa6 22. Nc3 Nf4 23. Be3 Ne6 24. Ne4 Raa8 25. Rf2 Rab8 26. Rbf1 f5 27. Qc4 fxe4 28. Qxe6+ Kh7 29. Nh4 g5 30. Qg6+ Kh8 31. Nf5 Rxf5 32. Rxf5 Rf8 33. Rf7 Rg8 34. Rxe7 Qd8 35. Rff7 Nf8 36.
Rxg7 Qxe7 37. Qxh6+ Nh7 38. Qxh7# 1-0

[Event "*** Titled Tuesday Blitz"]
[Site "Chess.com"]
[Date "2021.04.06"]
[Round "10"]
[White "zala02"]
[Black "DFeco"]
[Result "1-0"]
[WhiteElo "2172"]
[BlackElo "2300"]
[TimeControl "180+1"]
[EndTime "11:56:13 PDT"]
[Termination "zala02 won on time"]

1. e4 e5 2. Nf3 Nc6 3. Bc4 Nf6 4.
d3 Be7 5. O-O O-O 6. Re1 d6 7.
Nbd2 a6 8. Nf1 Na5 9. Ng3 Nxc4 10. dxc4 h6 11. Be3 Bg4 12. Qe2 Qd7 13. Rad1 Qc6 14.
b3 Nxe4 15. Nxe5 Bxe2 16. Nxc6 bxc6 17. Nxe2 c5 18. f3 Nf6 19. Nf4 Rfe8 20. Kf2 g5 21.
Ne2 Nd7 22. Nc3 Nb6 23. Bd2 Bf6 24. Ne4 Bd4+ 25. Kf1 f5 26. Ng3 Rf8 27. Re7 Rac8 28. Rde1 Be5 29. f4 gxf4 30. Nh5 Rf7 31. Rxf7 Kxf7 32.
Bxf4 Bxf4 33. Nxf4 Nd7 34. Nd5 Ne5 35. h3 Rg8 36. Kf2 c6 37. Ne3 Kf6 38. Rd1 Ke6 39. Rd2 f4 40. Nd1 Rf8 41. Nc3 f3 42. g3 Rd8 43. Ne4 a5 44. Nxc5+ 1-0

[Event "*** Titled Tuesday Blitz"]
[Site "Chess.com"]
[Date "2021.04.06"]
[Round "10"]
[White "exoticprincess"]
[Black "A-Fier"]
[Result "0-1"]
[WhiteElo "2925"]
[BlackElo "2747"]
[TimeControl "180+1"]
[EndTime "11:56:14 PDT"]
[Termination "A-Fier won by resignation"]

1. e4 c5 2. d4 cxd4 3. c3 Nf6 4.
e5 Nd5 5. Qxd4 e6 6. Nf3 Nc6 7.
Qg4 Qc7 8. Qg3 f6 9. exf6 Qxg3 10. f7+ Kxf7 11. hxg3 Be7 12. Nbd2 h6 13. Bd3 Rf8 14. Ke2 b6 15. Nc4 d6 16. Rd1 Bb7 17. Be4 Ba6 18. Bd3 Bb7 19. a4 Rad8 20. a5 b5 21. Ne3 Nxe3 22.
Bxe3 a6 23. Bb6 Rc8 24. Ke3 Bf6 25. Be4 Ke7 26. Rac1 g5 27. g4 Bg7 28. g3 Rf7 29. Rd2 d5 30. Bb1 Kd7 31. Bd3 Rcf8 32. Be2 Ne5 33.
Nxe5+ Bxe5 34. Bc5 Rc8 35. Bd4 Bc7 36. Rh1 e5 37.
Bb6 d4+ 38. cxd4 Bxh1 39. dxe5+ Ke6 40. f3 Bxb6+ 41. axb6 Rc1 42. Rd6+ Kxe5 43. Rxh6 Kd5 44. b4 Re7+ 45. Kd2 Rg1 46. Bd1 Rxd1+ 47. Kxd1 Bxf3+ 48.
Kd2 Kc4 49. Rf6 Bxg4 50. Rc6+ Kxb4 0-1

[Event "*** Titled Tuesday Blitz"]
[Site "Chess.com"]
[Date "2021.04.06"]
[Round "10"]
[White "hypert"]
[Black "DrCeltic"]
[Result "1-0"]
[WhiteElo "2573"]
[BlackElo "2467"]
[TimeControl "180+1"]
[EndTime "11:56:14 PDT"]
[Termination "hypert won by resignation"]

1. Nc3 c5 2. d3 e6 3. g3 Nf6 4.
Bg2 d6 5. e4 Nc6 6. f4 a6 7.
Nf3 e5 8. f5 Be7 9. O-O h6 10.
Nd2 b5 11. a4 Bb7 12. axb5 axb5 13. Rxa8 Bxa8 14. Nxb5 d5 15. c4 dxc4 16. Nxc4 O-O 17.
b3 Bb7 18. Bb2 Nd7 19. Nbd6 Ba6 20. f6 Nxf6 21. Nf5 Bxc4 22. dxc4 Nd4 23. Ne3 Nh7 24. Nd5 Ng5 25. Bxd4 cxd4 26. b4 d3 27. Qxd3 Bxb4 28. Kh1 Bc5 29. Qb3 Bd4 30. Qb7 Ne6 31. Ne7+ Kh8 32.
Nc6 Qe8 33. Qb5 Nc5 34. Nxd4 exd4 35. Qxc5 f6 36. Qxd4 Qe7 37. c5 Rd8 38. Qc4 Qc7 39.
c6 Qe5 40. c7 Rc8 41. Rc1 h5 42. Bh3 1-0